 Dungeon Crawl Stone Soup version 0.32-a0-673-g3729bd50f8 (webtiles) character file.

Game seed: 14508942749362888100

15809 djent the Slicer (level 12, 0/67 HPs)
             Began as a Deep Elf Monk on Mar 11, 2024.
             Was an Elder of Hepliaklqana.
             Killed by divine providence
             ... invoked by an orc priest
              (14 damage)
             ... on level 2 of the Orcish Mines.
             The game lasted 01:23:47 (15054 turns).

djent the Slicer (Deep Elf Monk)                   Turns: 15054, Time: 01:23:48

Health: 0/67       AC:  9    Str:  8    XL:     12   Next: 4%
Magic:  20/20      EV: 20    Int: 17    God:    Hepliaklqana [****..]
Gold:   484        SH:  0    Dex: 21    Spells: 18/20 levels left

rFire   + . .        z - +2 short sword (venom)
rCold   . . .        d - orb {light}
rNeg    + . .        E - +2 leather armour {rF+}
rPois   .            C - +0 helmet
rElec   .            (no cloak)
rCorr   .            (no gloves)
SInv    .            e - +2 pair of boots
Will    +....        (no amulet)
Stlth   +            p - ring of positive energy
HPRegen 0.31/turn    (no ring)
MPRegen 0.17/turn

%: no passive effects
@: glowing
A: reduced essence
a: Renounce Religion, Recall Ancestor, Ancestor Identity, Transference, Idealise


You were on level 2 of the Orcish Mines.
You worshipped Hepliaklqana.
Hepliaklqana was greatly pleased with you.
You visited 4 branches of the dungeon, and saw 15 of its levels.
You also visited: Sewer.

You collected 939 gold pieces.
You spent 455 gold pieces at shops.

Inventory:

Hand Weapons
 z - a +2 short sword of venom (weapon)
 L - a +1 dagger of draining
 O - a +5 dagger of freezing
Missiles
 c - 24 poisoned darts (quivered)
 G - 7 boomerangs
 K - 4 curare-tipped darts
 N - 4 javelins
Armour
 b - a +2 leather armour of cold resistance
 d - an orb of light (worn)
 e - a +2 pair of boots (worn)
 A - the orb "Jiotubb Wutz" {mayhem, rElec rN++}
   (You found it on level 4 of the Dungeon)

   rElec:     It insulates you from electricity.
   rN++:      It greatly protects you from negative energy.
 C - a +0 helmet (worn)
 E - a +2 leather armour of fire resistance (worn)
 J - a +0 troll leather armour
Jewellery
 p - a ring of positive energy (left hand)
Talismans
 I - a blade talisman
Wands
 B - a wand of charming (19)
 F - a wand of polymorph (21)
Scrolls
 f - 2 scrolls of fear {unknown}
 i - 5 scrolls of fog
 k - 2 scrolls of butterflies {unknown}
 l - 4 scrolls of teleportation
 n - 4 scrolls of vulnerability {unknown}
 q - 2 scrolls of enchant armour {unknown}
 s - a scroll of torment {unknown}
 y - 3 scrolls of revelation {unknown}
 D - a scroll of enchant weapon {unknown}
 H - a scroll of immolation {unknown}
 M - a scroll of brand weapon {unknown}
Potions
 a - a potion of resistance
 g - a potion of degeneration {unknown}
 j - 2 potions of brilliance
 m - 2 potions of berserk rage
 o - 4 potions of might
 r - 2 potions of mutation
 t - 5 potions of curing
 u - 2 potions of invisibility
 v - 2 potions of cancellation
 w - 2 potions of magic {unknown}
 x - 2 potions of enlightenment {unknown}


   Skills:
 + Level 8.6 Fighting
 * Level 13.9 Short Blades
 + Level 1.2 Throwing
 + Level 12.1 Dodging
 + Level 4.5 Spellcasting
 - Level 1.5 Invocations


You had 18 spell levels left.
You knew the following spells:

 Your Spells              Type           Power      Damage    Failure   Level
a - Blink                 Tloc           6%         N/A       32%         2

Your spell library contained the following spells:

 Spells                   Type           Power      Damage    Failure   Level
 Kiss of Death            Conj/Necr      12%        2d6       22%         1
 Lesser Beckoning         Tloc           6%         N/A       32%         2
 Momentum Strike          Conj/Tloc      6%         3d8       32%         2
 Confusing Touch          Hex            3%         N/A       54%         3
 Gell's Gravitas          Tloc           3%         N/A       54%         3
 Teleport Other           Tloc           3%         N/A       54%         3
 Tukima's Dance           Hex            3%         N/A       54%         3
 Dispel Undead            Necr           3%         3d7       91%         4
 Passage of Golubria      Tloc           3%         N/A       91%         4
 Yara's Violent Unravell  Hex/Alch       1%         3d3       99%         5
 Dispersal                Tloc           1%         N/A       100%        6


Dungeon Overview and Level Annotations

Branches:
Dungeon (11/15)            Temple (1/1) D:6            Lair (1/5) D:10
    Orc (2/2) D:10            Elf (0/3) Orc:2         Sewer (visited)

Altars:
Ashenzari
Cheibriados
Dithmenos
Elyvilon
Fedhas
Gozag
Hepliaklqana
Kikubaaqudgha
Makhleb
Nemelex Xobeh
Okawaru
Qazlal
Ru
Sif Muna
Trog
Uskayaw
Vehumet
Wu Jian
Xom
Yredelemnul
Zin
The Shining One
Beogh

Shops:
D:4 !   D:9 :   D:10 (

Annotations:
D:2 1 exclusion
D:7 2 transporters, Prince Ribbit; occam's ghost, novice CoHu
D:10 2 transporters
Lair:1 Erica
Orc:1 1 runed translucent door


Message History

What are your orders? t - Shout!
Orders for allies: a - Attack new target. r - Retreat! s - Stop attacking. g - Guard the area. f - Follow me.
Anything else - Cancel.
Gang up on whom?
Press: ? - help, Dir - move target, f - orc warrior
Aim: an orc warrior, wielding a +0 war axe and wearing a +0 plate armour (almost dead, extremely poisoned, haloed) Attack!
Dowan closely misses the orc wizard.
The orc warrior barely misses Dowan.
The orc wizard misses you.
The orc wizard closely misses Dowan.
The orc wizard closely misses you. The orc warrior completely misses you.
You hit the orc warrior but do no damage.
The orc warrior looks as sick as possible!
The orc warrior is almost dead.
You kill the orc warrior!
You kill the orc wizard!
Dowan hits the orc wizard with a +0 quarterstaff!!
The orc wizard dies!
The orc wizard completely misses you. What are your orders? t - Shout!
Orders for allies: a - Attack new target. r - Retreat! s - Stop attacking. g - Guard the area. f - Follow me.
Anything else - Cancel.
Gang up on whom?
Press: ? - help, Dir - move target, f - orc priest
Aim: an orc priest, wielding a +0 whip (haloed) Attack!
The orc wizard looks more healthy.
The orc priest invokes the aid of Beogh against you.
Beogh smites you!
* * * LOW HITPOINT WARNING * * *
The orc wizard hits you but does no damage.
You hit the orc wizard.
The orc wizard is poisoned.
The orc wizard is almost dead.
The orc priest calls down the wrath of Beogh upon you.
Beogh smites you!
You die...
Hepliaklqana delivers you to your ancestors.

........## ##..##
.........## #....#
..........###...#
..........##....#####
...........#....##..##
#....................##
............ooo.##....#
..........)...R)#....#
....##...)....oo@...##
....#.......[.[)#...####
.........)...)..#...<..###
.#..........[.........[..##
..........................#
.......................#.##
..........._..............#
..........................#
.##.................###..##


You could see the friendly Dowan the battlemage, an orc warrior, 2 orc priests
and 2 orc wizards.

Vanquished Creatures
  A kobold blastminer (Orc:2)
  5 cane toads
  2 kobold demonologists
  A troll (D:9)
  A hornet (D:9)
  A blink frog (D:9)
  A shadow (D:10)
  6 yaks
  A vampire mosquito (D:9)
  Edmund (D:4)
  2 water moccasins (Lair:1)
  An acid dragon (D:9)
  5 orc warriors
  4 black bears
  2 ogres
  An ice beast (D:6)
  A wolf (Lair:1)
  A phantom (D:6)
  4 kobold brigands
  8 bullfrogs
  5 scorpions
  A wight (D:10)
  8 killer bees
  3 howler monkeys
  A centaur zombie (D:9)
  A hound (D:5)
  2 jellies (D:5)
  2 gnoll boudas
  An iguana (D:4)
  Ijyb (D:5)
  9 orc wizards
  13 gnolls
  2 river rats (Sewer)
  8 adders
  2 shadow imps
  3 ribbon worms
  4 dart slugs
  29 orcs
  10 endoplasms
  9 giant cockroaches
  11 goblins
  10 hobgoblins
  7 jackals
  A quokka (D:3)
  14 ball pythons
  8 bats
  4 frilled lizards
  21 kobolds
  8 rats
247 creatures vanquished.

Vanquished Creatures (collateral kills)
  A black mamba (Lair:1)
  2 kobold blastminers
  2 cane toads (Lair:1)
  3 kobold demonologists (D:10)
  3 trolls
  A wraith (D:10)
  7 yaks
  2 wyverns (D:10)
  A vampire mosquito (D:10)
  A steam dragon (D:7)
  An acid dragon (D:9)
  3 water moccasins
  2 sky beasts
  6 orc warriors
  3 ogres
  A centaur (D:9)
  3 wolves (Lair:1)
  2 kobold brigands
  3 bullfrogs
  A gnoll sergeant (D:6)
  A wyvern zombie (D:9)
  5 wights
  2 killer bees (D:9)
  3 howler monkeys
  5 orc priests
  2 iguanas (D:6)
  7 orc wizards
  5 gnolls
  A shadow imp (D:7)
  17 orcs
  5 kobolds
101 creatures vanquished.

Vanquished Creatures (others)
  A black bear (D:6)
  2 orc wizards (Orc:2)
  11 battlemagi
  A gnoll (D:4)
15 creatures vanquished.

Grand Total: 363 creatures vanquished

Notes
Turn   | Place    | Note
-------+----------+-------------------------------------------
     0 | D:1      | djent the Deep Elf Monk began the quest for the Orb.
     0 | D:1      | Reached XP level 1. HP: 13/13 MP: 3/3
   263 | D:1      | Reached XP level 2. HP: 16/18 MP: 4/4
   924 | D:2      | Reached XP level 3. HP: 14/22 MP: 5/5
  1125 | D:2      | Reached skill level 4 in Short Blades
  1165 | D:2      | Reached XP level 4. HP: 6/27 MP: 6/6
  1170 | D:2      | HP: 1/27 [poisoned by an adder]
  2026 | D:3      | Found a glowing drain.
  2033 | Sewer    | Entered a sewer
  2089 | Sewer    | Reached XP level 5. HP: 32/32 MP: 7/7
  2283 | Sewer    | Reached skill level 5 in Short Blades
  2433 | Sewer    | Reached skill level 5 in Dodging
  2527 | Sewer    | Reached XP level 6. HP: 30/37 MP: 8/8
  2947 | D:3      | Learned a level 2 spell: Blink
  3022 | D:3      | Found a sacrificial altar of Ru.
  3522 | D:4      | Found Ilumn's Distillery.
  3552 | D:4      | Bought a potion of curing for 33 gold pieces
  3552 | D:4      | Bought a potion of heal wounds for 55 gold pieces
  3597 | D:4      | Found a white marble altar of Elyvilon.
  3951 | D:4      | Identified the orb "Jiotubb Wutz" {mayhem, rElec rN++}
  4254 | D:4      | Reached skill level 1 in Spellcasting
  4403 | D:5      | Entered Level 5 of the Dungeon
  4452 | D:5      | Reached skill level 6 in Short Blades
  4452 | D:5      | Reached XP level 7. HP: 26/42 MP: 10/10
  4573 | D:5      | Noticed Edmund
  4597 | D:4      | Killed Edmund
  4704 | D:5      | Noticed Ijyb
  4809 | D:5      | Killed Ijyb
  5125 | D:5      | Found an iron altar of Okawaru.
  5876 | D:5      | Reached skill level 7 in Short Blades
  5876 | D:5      | Reached XP level 8. HP: 46/48 MP: 13/13
  6573 | D:6      | what the fuck am I supposed to do about this devs?
  6581 | D:6      | Reached skill level 5 in Fighting
  6581 | D:6      | Reached skill level 8 in Short Blades
  6581 | D:6      | this is so fucked
  6581 | D:6      | shapeshift me into a fucking mushroom then attack me with
                  | spears from afar
  6907 | D:6      | that was 4 49% fails in a row before succeeding
  7163 | D:7      | Noticed Prince Ribbit
  7356 | D:6      | Found a staircase to the Ecumenical Temple.
  7363 | Temple   | Entered the Ecumenical Temple
  7434 | Temple   | Became a worshipper of Hepliaklqana the Forgotten
  7434 | Temple   | Reached * piety under Hepliaklqana
  7434 | Temple   | Reached ** piety under Hepliaklqana
  7435 | Temple   | Remembered your ancestor Dowan as a battlemage
  7436 | Temple   | finally
  7508 | D:6      | time to wreck face
  7554 | D:6      | Reached XP level 9. HP: 48/48 MP: 14/14
  7748 | D:6      | Reached skill level 9 in Short Blades
  7864 | D:6      | Noticed a troll
  7864 | D:6      | Noticed a troll
  7865 | D:6      | TWO D:6 TROLLS!!!!
  7865 | D:6      | WTF DEVS
  7872 | D:6      | Killed a troll
  7873 | D:6      | Hep can solo a D:6 troll that's actually insane
  7911 | D:6      | Killed a troll
  7912 | D:6      | lul
  8021 | D:7      | Found a transporter.
  8034 | D:7      | Found a transporter.
  8049 | D:7      | steam dragon
  8049 | D:7      | 3d10 is fucking insane for D:7
  8261 | D:7      | Noticed occam's ghost (novice CoHu)
  8486 | D:8      | Reached skill level 10 in Short Blades
  8620 | D:8      | Reached *** piety under Hepliaklqana
  8901 | D:8      | Found a snail-covered altar of Cheibriados.
  8901 | D:8      | Found a radiant altar of Vehumet.
  9120 | D:9      | Noticed a troll
  9121 | D:9      | I sense a monster, what the fuck does that mean
  9129 | D:9      | Killed a troll
  9130 | D:9      | Reached skill level 1 in Invocations
  9237 | D:9      | F
  9407 | D:9      | Reached XP level 10. HP: 52/53 MP: 17/17
  9601 | D:9      | Found a basalt altar of Yredelemnul.
  9715 | D:9      | little buddy wrecks facec
  9715 | D:9      | TWO D:9 acid dragons. 3d15
  9859 | D:10     | Entered Level 10 of the Dungeon
  9987 | D:10     | Found a staircase to the Orcish Mines.
  9998 | Orc:1    | Entered Level 1 of the Orcish Mines
  9998 | Orc:1    | Reached **** piety under Hepliaklqana
  9998 | Orc:1    | Found a roughly hewn altar of Beogh.
  9999 | Orc:1    | milestone two. just to do it.
 10011 | D:10     | Found a transporter.
 10095 | D:10     | Found a transporter.
 10117 | D:10     | Reached skill level 11 in Short Blades
 10128 | D:10     | F
 10238 | D:10     | Noticed a cane toad
 10239 | D:10     | Noticed a death yak
 10239 | D:10     | Noticed a cane toad
 10571 | D:9      | Found Masuiwa's Book Shop.
 10642 | D:9      | Noticed a rust devil
 10652 | D:9      | Reached skill level 10 in Dodging
 10716 | D:9      | F
 11146 | D:10     | Found Pefuckics's Weapon Shoppe.
 11518 | D:10     | Noticed a sun demon
 11576 | D:10     | Reached skill level 12 in Short Blades
 11871 | D:9      | Killed a cane toad
 11872 | D:9      | Reached XP level 11. HP: 60/60 MP: 19/19
 12094 | D:10     | Found a staircase to the Lair.
 12224 | Lair:1   | Entered Level 1 of the Lair of Beasts
 12718 | Lair:1   | Reached skill level 13 in Short Blades
 12789 | Lair:1   | Noticed Erica
 13512 | Orc:2    | Entered Level 2 of the Orcish Mines
 13512 | Orc:2    | Noticed an ettin
 13512 | Orc:2    | Found a staircase to the Elven Halls.
 13513 | Orc:2    | how many floors does orc have nowadays
 13517 | Orc:1    | 3rd milestone fuck
 13684 | D:10     | Bought a +5 dagger of freezing for 367 gold pieces
 13764 | Orc:2    | HP: 2/61 [ettin/+0 dire flail of protection (43)]
 13765 | Orc:2    | go down stairs, hit for 59 damage
 13765 | Orc:2    | balanced
 13765 | Orc:2    | can I blink for 36% fail?
 13766 | Orc:2    | amazing
 13768 | Orc:2    | Noticed an orc knight
 14538 | Orc:1    | Found a runed translucent door.
 14541 | Orc:1    | Noticed a balrug
 14753 | Orc:2    | Found a roughly hewn altar of Beogh.
 14782 | Orc:2    | F
 14784 | Orc:2    | Reached skill level 1 in Throwing
 14784 | Orc:2    | Reached XP level 12. HP: 39/67 MP: 20/20
 15054 | Orc:2    | Killed from afar by an orc priest

Illustrated notes #. #.#### .# . #. #.# ..' ..# #.# #.# ### #.# . #..#.#<######.###...# #...........f....h... ..................g... ###.#.#.######.###.g#. # #.#.. .... ... #.#.. #.### . # #.. ..# #... ..# #. ..# Turn 6573 on D:6: what the fuck am I supposed to do about this devs? #. #.#### .# . #. #.# ..' ..# #.# #.# ### #.# . #..#.#<######.###...# #...........f.g..S... ...............g...... ###.#.#.######.###..#. # #.#.. .... ... #.#.. #.### . # #.. ..# #... ..# #. ..# Turn 6581 on D:6: this is so fucked #.......##.##.## #.......##.#...#### #.................## ##########...............#.... ........##... .............##+ ...........# ##.#..#...#### ...........# # #....###?.# ...........#######...##.#.h# ................@ho..'.[#.o# .....#.....#######...##.#..# .....#.....# #....###..# .....#.....# #......##'# #+ .....#.....# #.........#####. .....####### #.....###...ho.. ......# #.....# #.###### ......# #..#### #.# # ......# #..# #.# Turn 6907 on D:6: that was 4 49% fails in a row before succeeding

≈≈≈≈≈≈≈≈≈≈≈≈≈≈≈≈≈≈≈≈≈≈≈≈≈≈≈≈#
≈≈≈≈≈≈≈≈≈≈≈≈≈≈≈≈≈≈≈≈≈≈≈≈≈≈≈≈#
≈≈≈≈≈≈≈≈≈≈≈≈≈≈≈≈≈≈≈≈≈≈≈≈≈≈≈≈#
≈≈≈...≈≈≈≈≈≈≈≈≈≈...≈≈≈≈≈≈≈≈≈#
.≈.≈≈≈.≈≈≈≈≈≈≈≈.._..≈≈≈≈≈≈≈≈#
.≈.≈#≈.≈≈≈≈..≈≈.....≈≈≈≈≈≈≈≈#
.≈.≈≈≈.≈≈≈.≈≈.≈._._.≈≈≈≈≈≈≈≈#
.≈≈.≈.≈≈≈.≈≈≈.≈.R...≈≈≈≈≈≈≈≈#
.≈≈.≈.≈≈.≈≈..≈≈.@._.≈≈≈≈≈≈≈≈#
..≈.≈.≈≈.≈.≈≈≈.......≈≈≈≈≈≈≈#
....≈.≈.≈≈.≈..._._._.≈≈≈≈≈≈≈#
.⌠..≈.≈..≈.≈.........≈≈≈≈≈≈≈#
....≈.≈≈.≈.≈..._._._.≈≈≈≈≈≈≈#
..≈≈≈.≈.≈≈.≈.≈.......≈≈≈≈≈≈≈#
.≈≈..≈≈.≈≈.≈.≈≈._._.≈≈≈≈≈≈≈≈#
.≈.≈≈≈.≈≈≈.≈.≈≈.....≈≈≈≈≈≈≈≈#
.≈.≈≈.≈≈≈.≈≈≈.≈._._.≈≈≈≈≈≈≈≈#


Turn 7436 on Temple: finally ..........#...# #..# #.# ####......#...# #.## #.#
#......#...#### #.# #.# .###...#.)....# ##'#######.# #. ...#...##.# #.......##.#
#. ...#...##'####.......##.# #. #..##...##........##.# #. #..#.....#.#+#######.#
#. #..#..@..#...##### #.# . #.#######..#...R.#.......# #.#
..#..........##...##.......# #.# ..............#####........# #.#
..#....(.)...#...#.........# #.# ..'..........#...#.........# #.#
..##...##.##.#...#.........# #.# .. #......##.#...#.........# #.# .
#...#)>##.#####.........# #.# Turn 7508 on D:6: time to wreck face .......##)#
....##.##)# ....##.##[# ....##.##[# ....##.##.# ....##.##.## ....##.#...#### ###
..............####...## ............#...@.....# ..............##R##....#
###.#..#...####... #.. #.#....###..#l.g# #####...##.#..#.o.# ....÷>..'.[#..#...#
# #####...##.#..#T.T# .# #....###..#...# ##..# #......##'# #+##...# Turn 7865 on
D:6: TWO D:6 TROLLS!!!! '...#.......##.##[# #...#.......##.##.#
#...#.......##.##.## #...#.......##.#...#### ### #####.................####...##
#####...............#.R[o.....# ...##.................##'##....#
......#####.#..#...####.lo# #.. ......# #.#...@###..#...#
.....[#######...##.#..#...# ............÷>..'.[#..#.TT#
#.....#######...##.#..#...# #.....# #....###..#...# ##. #.....# #......##'#
#+##... #.....# #.........#####....# ####### #.....###........# .##### #.....#
#.######<# Turn 7873 on D:6: Hep can solo a D:6 troll that's actually insane
#...#.......##.##.## #...#.......##.#...#### ### #####.................####...#
########...............#..[o..... ......##.................##'##...
.........#####.#..#...####.lo# # .........# #.#..(R###..#...#
........[#######...##.#..#...# ...............÷@..'.[#..#.TT#
...#.....#######...##.#..#...# ...#.....# #....###..#...# ...#.....# #......##'#
#+## ...#.....# #.........#####... ...####### #.....###........# )...#####
#.....# #.######<# ....#...# #..#### #.# ### )...#...# #..# #.# Turn 7912 on
D:6: lul .##...o........ .......D....... ≈≈≈≈≈≈......... ≈≈≈≈≈........#
##≈≈.......# # #≈≈.oo....# ##. #≈≈Ro.....# ....#≈≈.@##.. #.###≈≈.###.#
#.#..≈≈.###.# #.##.≈≈..##.# #.g#.≈≈...#.# #.##.≈≈.....# #g#.........#
.#©....###.## #.#.....###..#### Turn 8049 on D:7: steam dragon #. #### ###.#####
.... ........# ..... ........# ..... ........# ...... .>......# ###......
........# #.'.?.... .......<####@# ........##.R.# ...........### ........####
######### Turn 9121 on D:9: I sense a monster, what the fuck does that mean
#.......... #.......... #.......... #.......... ##z######## #..### ##z..#
###z##### #.@...# #######.### #......(..# #.........# #.........# #.........#
##.........# ...........# ##.........# Turn 9237 on D:9: F ########+##
..........# ## .........(# #######. ..........# ##....... ......R...#
###..###### ..........#######...## ..........@.......### ..........#########
..........# ########### Turn 9715 on D:9: little buddy wrecks facec ##... ......
#....#..... . ......... .. ##....... ..# #....... ..# #......#..## ##.........#
#...R@....# ##.......#.# #...........# #..........## #..........# ##....._...#
...o.......# #.o.......... Turn 9999 on Orc:1: milestone two. just to do it.
##...#♣#w#♣#w# ..##....( ##.##≈≈≈#≈≈§####.##..).o #.#PPPP§PPP#$=#.##.).).
#©#©^^^^^^☼+!©#©#..#### #.#PPPPP§PP# [#.#.## #.##≈§≈≈#≈≈####.#.#
#..##w#♣#w##......# ##.#########.#...## ##...@†..o..#.### ######.......#
######### Turn 10128 on D:10: F #..# ####.# #####'### #....# ####### ........#
######.##### #...... ........# #..........# #...... ........# #..........#
#...... ........# #..........# #...... ........# #...>...[..# ###......
........###..........# #.'...... ........#.......@.[.<####.#......
........#.#..........##...#.....[ ........'.#.............###......
........###..........#### #...... ######### ##.######### ####### #...R.# #..
#####Y#### #.# #......<# ###+# #.......#### #.... Turn 10716 on D:9: F
...........C... .......$....... ....$.......... ............... ..$............
.......$....... ........R.....# .......@$...... ............... ...............
............... ............... ............... .>............. ...............
Turn 13513 on Orc:2: how many floors does orc have nowadays ......#...#
###.........# ##............ #....#........ #............. ##..........#
#..........# #.....@#..## ##....R....# #...><)...## ##...))..#.## #.....).....#
#...)[.....## #..........# ##....._...# #...........# Turn 13517 on Orc:1: 3rd
milestone fuck ............o.. .......$....... ....$.......... ...............
..$............ .......$....... ..............# ......C@$...... .......R.......
............... ............... ............... ............... .>.............
............... Turn 13765 on Orc:2: go down stairs, hit for 59 damage
....$.......... .#................... ........$............
.............$....... ....................# ....<.......C§$......
..................... ...#................. #......@.............
..................... #.................... #..##..>............. ..
##............... . .oo....oo. .......... #####++#### Turn 13766 on Orc:2:
amazing ...##....##### ......#....##..## ................## ...........##....#
..(..).....#....# #.(()..........# ....(..).).#...#### ....K...)..#...<..###
.......@.........)..# .....................# ..................#.##
......_..............# .....................# ...............###..##
................. ..# #.#........#.#... .. Turn 14782 on Orc:2: F

Levels and vault maps discovered:
D:1:      grunt_arrival_crossed_arrows, layout_loops_ring
D:2:      kennysheep_the_goblin_king, layout_loops_ring, minmay_guardbox
D:3:      layout_loops_ring, nicolae_ru_the_path_less_chosen,
          mainiacjoe_sewer_entry_somewhere_in_here_2
D:4:      layout_basic, lemuel_doored_altar, serial_shops,
          nicolae_shop_tiny_glass
D:5:      layout_basic, okawaru_gym_becter, uniq_edmund, uniq_ijyb
D:6:      layout_basic, minmay_temple_entry_enclosed_plants,
          minmay_divided_ellipse
D:7:      layout_rooms, gammafunk_ghost_gnarly_gnolls, uniq_prince_ribbit1
D:8:      layout_loops_ring, nicolae_overflow_hidden_temple
D:9:      layout_roguey, lemuel_zombie_altar_yredelemnul, serial_shops, shop
D:10:     gammafunk_worm_tunnel, layout_basic, dpeg_lair_monsters, orc_0_dummy,
          serial_shops, kennysheep_little_box, kennysheep_generic_room_7
D:11:     layout_grid_maze, dk_noncrumbling_4
Temple:   minmay_temple_bridge_d
Lair:1:   layout_gridlike, minivault_26, uniq_erica
Orc:1:    dreamdust_dug_too_deep, layout_caves, basic_altar
Orc:2:    st_orc_mages, layout_caves, basic_altar, hangedman_minor_magic

Skill      XL: |  1  2  3  4  5  6  7  8  9 10 11 |
---------------+----------------------------------+-----
Dodging        | 4 5 6 7 9 10 12 | 12.1
Short Blades   | 4 5 6 7 8 10 12 13 | 13.9
Fighting       | 3 4 5 6 7 8 |  8.6
Spellcasting   | 1 2 3 4 |  4.5
Invocations    | 1 |  1.5
Throwing       | 1 |  1.2

Action                     |  1- 3 |  4- 6 |  7- 9 | 10-12 || total
---------------------------+-------+-------+-------+-------++-------
  Melee: Short sword       |   138 |    66 |   291 |   344 ||   839
         Dagger            |       |   221 |       |       ||   221
         Unarmed           |       |       |     6 |       ||     6
  Throw: Dart              |       |    21 |    57 |    93 ||   171
   Cast: Blink             |       |     1 |     2 |     2 ||     5
 Invoke: Ancestor Identity |       |       |     2 |       ||     2
         Ancestor Life: Ba |       |       |     1 |       ||     1
         Recall Ancestor   |       |       |     3 |     5 ||     8
         Transference      |       |       |       |     1 ||     1
  Evoke: Wand              |       |     2 |     5 |       ||     7
    Use: Potion            |       |     1 |     1 |     6 ||     8
         Scroll            |       |       |       |    12 ||    12
   Stab: Distracted        |       |     1 |     1 |    14 ||    16
 Armour: Robe              |    49 |    80 |    11 |       ||   140
         Leather armour    |       |       |   119 |   150 ||   269
         Skin              |       |       |    21 |       ||    21
  Dodge: Dodged            |    90 |   144 |   213 |   248 ||   695

Table legend: (Time is in decaauts)
 A = Elapsed time spent in this place.
 B = Non-inter-level travel time spent in this place.
 C = Inter-level travel time spent in this place.
 D = Time resting spent in this place.
 E = Time spent auto-exploring this place.
 F = Levels seen in this place.
 G = Mean time per level.
                   A        B        C        D        E       F      G
               +--------+--------+--------+--------+--------+-----+--------+
         Total |  14800 |  13562 |   1238 |   3011 |   5623 |  16 |  925.0 |
       Dungeon |  11553 |  10560 |    993 |   2156 |   4718 |  11 | 1050.3 |
        Temple |    143 |      3 |    140 |      0 |      0 |   1 |  143.0 |
          Lair |   1024 |    980 |     44 |    435 |     54 |   1 | 1024.0 |
  Orcish Mines |   1400 |   1339 |     61 |    360 |    468 |   2 |  700.0 |
         Sewer |    678 |    678 |      0 |     60 |    383 |   1 |  678.0 |
               +--------+--------+--------+--------+--------+-----+--------+

Top non-repeatable levels by time:
     D:5: 1841 daAuts
     D:9: 1731 daAuts
    D:10: 1365 daAuts
     D:4: 1271 daAuts
     D:6: 1218 daAuts
   Orc:1: 1172 daAuts
     D:2: 1131 daAuts
  Lair:1: 1024 daAuts
     D:8: 911 daAuts
     D:3: 877 daAuts
     D:1: 706 daAuts
   Sewer: 678 daAuts
     D:7: 419 daAuts
   Orc:2: 228 daAuts
  Temple: 143 daAuts
